SA
CHICAGO TULA @ SYRACUSE STORM
08/29/2026
 
TOP OF THE 1ST
Chicago Tula batting - Pitching for Syracuse Storm : LHP António Muńóz
Pitching: LHP António Muńóz
Batting: SHB Holden Nolan 0-0: Fly out, F7 (Flyball, 7)
Batting: RHB José Palácios 0-0: Called Strike
0-1: Ground out 6-3 (Groundball, 6)
Batting: LHB Dana Waldrip 0-0: Called Strike
0-1: Ball
1-1: Foul Ball, location: 2F
1-2: Ball
2-2: Ball
3-2: Foul Ball, location: 2F
3-2: Strikes out swinging
Top of the 1st over - 0 run(s), 0 hit(s), 0 error(s), 0 left on base; Chicago 0 - Syracuse 0
BOTTOM OF THE 1ST
Syracuse Storm batting - Pitching for Chicago Tula : RHP Pang Qin
Pitching: RHP Pang Qin
Batting: RHB Tom Boyer 0-0: Called Strike
0-1: Ball
1-1: Ball
2-1: Ball
3-1: Base on Balls
Batting: RHB José Costello 0-0: Called Strike
0-1: Foul Ball, location: 2F
0-2: Ball
1-2: Foul Ball, location: 2F
1-2: Foul Ball, location: 2F
1-2: Grounds into double play, 6-4-3 (Groundball, 6)
Batting: RHB Vito Middendorf 0-0: Swinging Strike
0-1: Ball
1-1: Swinging Strike
1-2: Strikes out swinging
Bottom of the 1st over - 0 run(s), 0 hit(s), 0 error(s), 0 left on base; Chicago 0 - Syracuse 0
TOP OF THE 2ND
Chicago Tula batting - Pitching for Syracuse Storm : LHP António Muńóz
Batting: SHB Eustacio Tafalla 0-0: Called Strike
0-1: Fly out, F9 (Flyball, 89S)
Batting: RHB Rubén Dubón 0-0: Swinging Strike
0-1: SINGLE (Line Drive, 56)
Batting: RHB Arturo Scantlebury 0-0: Fly out, F4 (Popup, 4)
Batting: RHB Micheal Lovell 0-0: Swinging Strike
0-1: Ball
1-1: Ball
2-1: Ball
Wild Pitch!
Rubén Dubón to second
3-1: Fly out, F3 (Popup, 3D)
Top of the 2nd over - 0 run(s), 1 hit(s), 0 error(s), 1 left on base; Chicago 0 - Syracuse 0
BOTTOM OF THE 2ND
Syracuse Storm batting - Pitching for Chicago Tula : RHP Pang Qin
Batting: LHB Phil MacNamara 0-0: Ball
1-0: Foul Ball, location: 2F
1-1: SINGLE (Flyball, 8RS)
Batting: RHB António Canales 0-0: Ball
Wild Pitch!
Phil MacNamara to second
1-0: Ball
2-0: Ground out 5-3 (Groundball, 5L)
Batting: RHB Phil Sherman 0-0: Ball
1-0: SINGLE (Groundball, 6MD)
Phil MacNamara to third
Batting: RHB Jerry Bowen 0-0: Swinging Strike
0-1: Called Strike
0-2: Ball
1-2: Ball
2-2: Strikes out looking
Batting: LHB José Trejo 0-0: Ball
1-0: Fly out, F9 (Flyball, 9LSF)
Bottom of the 2nd over - 0 run(s), 2 hit(s), 0 error(s), 2 left on base; Chicago 0 - Syracuse 0
TOP OF THE 3RD
Chicago Tula batting - Pitching for Syracuse Storm : LHP António Muńóz
Batting: RHB Zahid Kashani 0-0: Fly out, F7 (Line Drive, 7)
Batting: RHB Howard Ickes 0-0: Swinging Strike
0-1: Ball
1-1: Ball
2-1: Ball
3-1: Base on Balls
Batting: SHB Holden Nolan 0-0: Foul Ball, location: 2F
0-1: Foul Ball, location: 2F
0-2: Foul Ball, location: 2F
0-2: Foul Ball, location: 2F
0-2: Ball
1-2: Foul Ball, location: 2F
1-2: Ball
2-2: Foul Ball, location: 2F
2-2: Foul Ball, location: 2F
2-2: Ball
3-2: SINGLE (Groundball, 3L) (infield hit)
Howard Ickes to second
Batting: RHB José Palácios 0-0: Foul Ball, location: 2F
0-1: Foul Ball, location: 2F
0-2: Strikes out swinging
Batting: LHB Dana Waldrip 0-0: Foul Ball, location: 2F
0-1: Foul Ball, location: 2F
0-2: Fly out, F7 (Line Drive, 7)
Top of the 3rd over - 0 run(s), 1 hit(s), 0 error(s), 2 left on base; Chicago 0 - Syracuse 0
BOTTOM OF THE 3RD
Syracuse Storm batting - Pitching for Chicago Tula : RHP Pang Qin
Batting: RHB Tyrell Wellick 0-0: Foul Ball, location: 2F
0-1: Ground out 5-3 (Groundball, 5S)
Batting: RHB Tom Boyer 0-0: Ball
1-0: Fly out, F6 (Line Drive, 6)
Batting: RHB José Costello 0-0: Foul Ball, location: 2F
0-1: Ball
1-1: Swinging Strike
1-2: SINGLE (Groundball, 6MD)
Batting: RHB Vito Middendorf 0-0: Ball
1-0: Called Strike
1-1: Ball
2-1: Called Strike
2-2: Strikes out swinging, 2-3 out at first.
Bottom of the 3rd over - 0 run(s), 1 hit(s), 0 error(s), 1 left on base; Chicago 0 - Syracuse 0
TOP OF THE 4TH
Chicago Tula batting - Pitching for Syracuse Storm : LHP António Muńóz
Batting: SHB Eustacio Tafalla 0-0: Ball
1-0: Foul Ball, location: 2F
1-1: Ground out 5-3 (Groundball, 5L)
Batting: RHB Rubén Dubón 0-0: Fly out, F7 (Flyball, 7LSF)
Batting: RHB Arturo Scantlebury 0-0: Called Strike
0-1: Called Strike
0-2: Ball
1-2: Ground out 6-3 (Groundball, 56)
Top of the 4th over - 0 run(s), 0 hit(s), 0 error(s), 0 left on base; Chicago 0 - Syracuse 0
BOTTOM OF THE 4TH
Syracuse Storm batting - Pitching for Chicago Tula : RHP Pang Qin
Batting: LHB Phil MacNamara 0-0: Ball
1-0: Fly out, F6 (Popup, 6D)
Batting: RHB António Canales 0-0: Ball
1-0: Ball
2-0: Foul Ball, location: 2F
2-1: DOUBLE (Line Drive, 89M)
Batting: RHB Phil Sherman 0-0: Ball
1-0: Called Strike
1-1: Fly out, F8 (Line Drive, 8LD)
Runner from 2nd tags up, SAFE at 3rd, no throw
Batting: RHB Jerry Bowen 0-0: Foul Ball, location: 2F
0-1: Called Strike
0-2: Foul Ball, location: 2F
0-2: Foul Ball, location: 2F
0-2: Ball
1-2: Ball
2-2: Ball
3-2: Ground out 4-3 (Groundball, 34D)
Bottom of the 4th over - 0 run(s), 1 hit(s), 0 error(s), 1 left on base; Chicago 0 - Syracuse 0
TOP OF THE 5TH
Chicago Tula batting - Pitching for Syracuse Storm : LHP António Muńóz
Batting: RHB Micheal Lovell 0-0: Ball
1-0: Foul Ball, location: 2F
1-1: Called Strike
1-2: Foul Ball, location: 2F
1-2: Ball
2-2: SINGLE (Groundball, 6) (infield hit)
Batting: RHB Zahid Kashani 0-0: Foul Ball, location: 2F
0-1: Ball
1-1: Ball
2-1: Ball
3-1: Foul Ball, location: 2F
3-2: SINGLE (Line Drive, 89S)
Micheal Lovell to second
Runner from 2nd tries for 3rd, SAFE, no throw
Batting: RHB Howard Ickes 0-0: SINGLE (Line Drive, 5D)
Micheal Lovell scores
Zahid Kashani to second
Batting: SHB Holden Nolan 0-0: Called Strike
0-1: Sac Bunt - play at third, runner OUT! 1-5
Howard Ickes to second
Batting: RHB José Palácios 0-0: Foul Ball, location: 2F
0-1: Ground out 5-3 (Groundball, 56S)
Howard Ickes to third
Holden Nolan to second
Batting: LHB Dana Waldrip 0-0: Ball
1-0: Called Strike
1-1: Ball
2-1: Ground out U3 (Groundball, 3)
Top of the 5th over - 1 run(s), 3 hit(s), 0 error(s), 2 left on base; Chicago 1 - Syracuse 0
BOTTOM OF THE 5TH
Syracuse Storm batting - Pitching for Chicago Tula : RHP Pang Qin
Batting: LHB José Trejo 0-0: Ground out U3 (Groundball, 34)
Batting: RHB Tyrell Wellick 0-0: Ground out 6-3 (Groundball, 6S)
Batting: RHB Tom Boyer 0-0: Ball
1-0: Swinging Strike
1-1: Foul Ball, location: 2F
1-2: Ball
2-2: Ground out 6-3 (Groundball, 6)
Bottom of the 5th over - 0 run(s), 0 hit(s), 0 error(s), 0 left on base; Chicago 1 - Syracuse 0
TOP OF THE 6TH
Chicago Tula batting - Pitching for Syracuse Storm : LHP António Muńóz
Batting: SHB Eustacio Tafalla 0-0: Called Strike
0-1: Ball
1-1: Ball
2-1: Swinging Strike
2-2: Ball
3-2: Strikes out swinging
Batting: RHB Rubén Dubón 0-0: Ball
1-0: Called Strike
1-1: Ball
2-1: SINGLE (Line Drive, 78M)
Batting: RHB Arturo Scantlebury 0-0: Fly out, F9 (Flyball, 89D)
Batting: RHB Micheal Lovell 0-0: Called Strike
0-1: Ball
1-1: Ball
Wild Pitch!
Rubén Dubón to second
2-1: Swinging Strike
2-2: Strikes out swinging
Top of the 6th over - 0 run(s), 1 hit(s), 0 error(s), 1 left on base; Chicago 1 - Syracuse 0
BOTTOM OF THE 6TH
Syracuse Storm batting - Pitching for Chicago Tula : RHP Pang Qin
Batting: RHB José Costello 0-0: Fly out, F8 (Flyball, 8RS)
Batting: RHB Vito Middendorf 0-0: Called Strike
0-1: Foul Ball, location: 2F
0-2: Foul Ball, location: 2F
0-2: Ground out 6-3 (Groundball, 6)
Batting: LHB Phil MacNamara 0-0: Called Strike
0-1: Foul Ball, location: 2F
0-2: Ball
1-2: Ball
2-2: Foul Ball, location: 2F
2-2: Foul Ball, location: 2F
2-2: Strikes out swinging
Bottom of the 6th over - 0 run(s), 0 hit(s), 0 error(s), 0 left on base; Chicago 1 - Syracuse 0
TOP OF THE 7TH
Chicago Tula batting - Pitching for Syracuse Storm : LHP António Muńóz
Batting: RHB Zahid Kashani 0-0: Ball
1-0: Fly out, F4 (Popup, 34D)
Batting: RHB Howard Ickes 0-0: Called Strike
0-1: Called Strike
0-2: Ball
1-2: Ground out 6-3 (Groundball, 56)
Batting: SHB Holden Nolan 0-0: Fly out, F9 (Flyball, 9S)
Top of the 7th over - 0 run(s), 0 hit(s), 0 error(s), 0 left on base; Chicago 1 - Syracuse 0
BOTTOM OF THE 7TH
Syracuse Storm batting - Pitching for Chicago Tula : RHP Pang Qin
Batting: RHB António Canales 0-0: Ball
1-0: Called Strike
1-1: SINGLE (Groundball, 6MD)
Pinch Runner at 1st Enrique Gómez:
Batting: RHB Phil Sherman 0-0: Ball
1-0: Bunted foul
1-1: Bunted foul
1-2: Ball
2-2: Foul Ball, location: 2F
2-2: Grounds into double play, 6-4-3 (Groundball, 6)
Batting: RHB Jerry Bowen 0-0: Ball
1-0: Ball
2-0: Ball
3-0: Base on Balls
Pinch Runner at 1st Jim Unknown:
Pinch Hitting: RHB Jim Unknown 0-0: Ball
1-0: Ball
2-0: Ball
3-0: Base on Balls
Jim Unknown to second
Batting: RHB Tyrell Wellick 0-0: Ball
1-0: Ball
2-0: Called Strike
2-1: Called Strike
2-2: Fielders Choice at 2nd, 5-4 (Groundball, 56)
Bottom of the 7th over - 0 run(s), 1 hit(s), 0 error(s), 1 left on base; Chicago 1 - Syracuse 0
TOP OF THE 8TH
Chicago Tula batting - Pitching for Syracuse Storm : LHP António Muńóz
Now at SS: Enrique Gómez
Now in LF: Jim Unknown
Now in RF: Jim Unknown
Batting: RHB José Palácios 0-0: Hit by Pitch
Batting: LHB Dana Waldrip 0-0: Swinging Strike
0-1: Ball
1-1: Ball
2-1: SINGLE (Line Drive, 56)
José Palácios to second
Pinch Hitting: RHB Alfonso Morín 0-0: Called Strike
0-1: Called Strike
0-2: Reached via error on a dropped throw, E6
José Palácios to third
Dana Waldrip to second
Batting: RHB Rubén Dubón 0-0: Fly out, F8 (Flyball, 78M)
Batting: RHB Arturo Scantlebury 0-0: Ball
1-0: Ball
2-0: Grounds into double play, 5-2-3 (Groundball, 5)
Top of the 8th over - 0 run(s), 1 hit(s), 1 error(s), 2 left on base; Chicago 1 - Syracuse 0
BOTTOM OF THE 8TH
Syracuse Storm batting - Pitching for Chicago Tula : RHP Pang Qin
Pitching: RHP Brantford Winstworth III
Now at 1B: Dani Durán
Now at 3B: Alberto Esquivel
Batting: RHB Tom Boyer 0-0: Ball
1-0: Called Strike
1-1: Swinging Strike
1-2: Strikes out swinging
Batting: RHB José Costello 0-0: Ground out 5-3 (Groundball, 56)
Batting: RHB Vito Middendorf 0-0: Ball
1-0: Fly out, F7 (Flyball, 7S)
Bottom of the 8th over - 0 run(s), 0 hit(s), 0 error(s), 0 left on base; Chicago 1 - Syracuse 0
TOP OF THE 9TH
Chicago Tula batting - Pitching for Syracuse Storm : LHP António Muńóz
Pitching: RHP Raúl Díaz
Batting: RHB Micheal Lovell 0-0: Ball
1-0: Ball
2-0: Ball
3-0: Base on Balls
Pitching: RHP Jim Unknown
Pinch Hitting: LHB Miguel Gazivoda 0-0: Swinging Strike
0-1: Ball
1-1: Bunted foul
1-2: Foul Ball, location: 2F
1-2: DOUBLE (Line Drive, 9LD)
Micheal Lovell to third
Runner from 3rd tries for Home, SAFE, throw made home
Batting: RHB Howard Ickes 0-0: Swinging Strike
0-1: Foul Ball, location: 2F
0-2: Foul Ball, location: 2F
0-2: Foul Ball, location: 2F
0-2: Foul Ball, location: 2F
0-2: Foul Ball, location: 2F
0-2: Ball
1-2: Strikes out swinging
Batting: SHB Holden Nolan 0-0: Ball
1-0: Ball
2-0: Foul Ball, location: 2F
2-1: Foul Ball, location: 2F
2-2: Foul Ball, location: 2F
2-2: Strikes out swinging
Batting: RHB José Palácios 0-0: Ball
1-0: Ball
2-0: Called Strike
2-1: Ball
3-1: Base on Balls
Batting: LHB Dana Waldrip 0-0: Called Strike
0-1: Ground out 1-3 (Groundball, 13S)
Top of the 9th over - 1 run(s), 1 hit(s), 0 error(s), 2 left on base; Chicago 2 - Syracuse 0
BOTTOM OF THE 9TH
Syracuse Storm batting - Pitching for Chicago Tula : RHP Brantford Winstworth III
Pitching: RHP Joseph Chartier
Now in RF: Marcus Larson
Batting: LHB Phil MacNamara 0-0: Ground out 6-3 (Groundball, 6)
Batting: RHB Enrique Gómez 0-0: Swinging Strike
0-1: Ball
1-1: Ball
2-1: Called Strike
2-2: Ball
3-2: Foul Ball, location: 2F
3-2: Strikes out swinging
Batting: RHB Phil Sherman 0-0: Ball
1-0: Foul Ball, location: 2F
1-1: Ground out 1-3 (Groundball, 15S)
Bottom of the 9th over - 0 run(s), 0 hit(s), 0 error(s), 0 left on base; Chicago 2 - Syracuse 0
Monday, March 20th, 2017 - OOTP Baseball 17.12 Build 75